 Dungeon Crawl Stone Soup version 0.20.1-1-g8b1a95d (webtiles) character file.

380 greenice the Carver (level 6, -3/51 HPs)
             Began as a Minotaur Fighter on Aug 2, 2017.
             Splashed by Ijyb's acid (6 damage)
             ... on level 3 of the Dungeon.
             The game lasted 00:06:10 (2541 turns).

greenice the Carver (Minotaur Fighter)              Turns: 2541, Time: 00:06:11

Health: -3/51      AC:  6    Str: 20    XL:     6   Next: 46%
Magic:  5/5        EV:  7    Int:  5    God:
Gold:   139        SH:  9    Dex: 12    Spells: 5/5 levels left

rFire    . . .     SeeInvis .   a - +0 long sword
rCold    . . .     Gourm    .   c - +0 shield
rNeg     . . .     Faith    .   b - +0 scale mail
rPois    .         Spirit   .   (helmet restricted)
rElec    .         Reflect  .   (no cloak)
rCorr    .         Harm     .   (no gloves)
MR       .....                  (no boots)
Stlth    ..........             (no amulet)
Regen    0.2/turn               (no ring)
MPRegen  0.1/turn               (no ring)

@: no status effects
A: retaliatory headbutt, horns 2
a: no special abilities


You were on level 3 of the Dungeon.
You were hungry.

You visited 1 branch of the dungeon, and saw 3 of its levels.

You collected 139 gold pieces.

Inventory:

Hand Weapons
 a - a +0 long sword (weapon)
Armour
 b - a +0 scale mail (worn)
 c - a +0 shield (worn)
 h - a +0 plate armour
 p - a +2 pair of boots
Scrolls
 d - a scroll of noise {unknown}
 i - 3 scrolls of teleportation {unknown}
 j - a scroll of identify {unknown}
 l - a scroll of magic mapping {unknown}
 q - a scroll of fog {unknown}
Potions
 e - 3 potions of curing {unknown}
 g - a potion of berserk rage {unknown}
 k - a potion of brilliance {unknown}
 n - a potion of haste
 r - a potion of lignification {unknown}
Comestibles
 f - 2 bread rations
 o - 2 royal jellies
 s - a meat ration


   Skills:
 - Level 3.6 Fighting
 + Level 8.4 Long Blades
 - Level 3.6 Armour
 - Level 3.6 Shields


You had 5 spell levels left.
You didn't know any spells.

Dungeon Overview and Level Annotations

Branches:
Dungeon (3/15)

Altars:
Ashenzari
Gozag
Kikubaaqudgha
Trog

Annotations:
D:3 Ijyb


Innate Abilities, Weirdness & Mutations

You reflexively headbutt those who attack you in melee.
You have a pair of horns on your head.


Message History

You start resting.
You are feeling hungry.
There is a stone staircase leading down here.
You climb downwards.
Level annotation: Ijyb The gnoll barely misses you.
You furiously retaliate!
You headbutt the gnoll!
You riposte.
You slash the gnoll!
You kill the gnoll!
Ijyb zaps a wand.
The bolt of acid hits the orc.
The orc is splashed with acid.
The acid corrodes the orc!
The orc dies!
The bolt of acid hits you!
You are splashed with acid!
The acid burns!
It is a wand of acid (?/15).
There is a stone staircase leading up here.
Things that are here:
a dagger; a leather armour; an orc corpse You closely miss Ijyb.
Ijyb zaps a wand.
The bolt of acid hits you!
* * * LOW HITPOINT WARNING * * *
You are splashed with acid!
The acid burns!
You die...

#.# #.# #.#
#.# #.# #.#
#.###.#
#.....#
#######.r####
.........#
.#######g#
##@## ##)<.#
#.#.#.#
##<..## ##.##
#.# #.# #..
###


You could see Ijyb and a quokka.

Vanquished Creatures
  Sigmund (D:2)
  Natasha (thrice) (D:2)
  7 gnolls
  An adder (D:2)
  A dart slug (D:2)
  5 bats (D:1)
  A giant cockroach (D:2)
  6 goblins
  11 hobgoblins
  9 jackals
  7 kobolds
  A quokka (D:2)
  A ball python (D:2)
  6 frilled lizards
  8 rats
68 creatures vanquished.

Vanquished Creatures (others)
  An orc (D:3)
1 creature vanquished.

Grand Total: 69 creatures vanquished

Notes
Turn   | Place    | Note
-------+----------+-------------------------------------------
     0 | D:1      | greenice the Minotaur Fighter began the quest for the Orb.
     0 | D:1      | Reached XP level 1. HP: 19/19 MP: 0/0
    62 | D:1      | Reached skill level 3 in Long Blades
   154 | D:1      | Reached XP level 2. HP: 26/26 MP: 1/1
   533 | D:1      | Reached skill level 4 in Long Blades
  1085 | D:2      | Reached XP level 3. HP: 29/31 MP: 2/2
  1445 | D:2      | Noticed Sigmund
  1451 | D:2      | Killed Sigmund
  1451 | D:2      | Reached skill level 7 in Long Blades
  1451 | D:2      | Reached XP level 4. HP: 38/39 MP: 3/3
  1451 | D:2      | Reached XP level 5. HP: 44/45 MP: 4/4
  1526 | D:2      | Noticed Natasha
  1546 | D:2      | Killed Natasha
  1774 | D:2      | Noticed Natasha
  1785 | D:2      | Killed Natasha
  2087 | D:2      | Found an opulent altar of Gozag.
  2090 | D:2      | Reached XP level 6. HP: 51/51 MP: 5/5
  2096 | D:2      | Found a shattered altar of Ashenzari.
  2099 | D:2      | Found an ancient bone altar of Kikubaaqudgha.
  2231 | D:2      | Found a bloodstained altar of Trog.
  2238 | D:2      | Reached skill level 8 in Long Blades
  2376 | D:3      | Noticed Ijyb
  2489 | D:2      | Noticed Natasha
  2497 | D:2      | Killed Natasha
  2541 | D:3      | Splashed by Ijyb's acid

Skill      XL: |  1  2  3  4  5  6 |
---------------+-------------------+-----
Long Blades    | 3 4 7 8 |  8.4
Fighting       | |  3.6
Armour         | |  3.6
Shields        | |  3.6

Action                   |  1- 3 |  4- 6 || total
-------------------------+-------+-------++-------
Melee: Long sword        |    99 |    92 ||   191
       Headbutt          |    12 |    15 ||    27
  Use: Potion            |     1 |       ||     1
  Eat: Chunk             |     2 |     3 ||     5
Armor: Scale mail        |    47 |    30 ||    77
Dodge: Dodged            |    33 |    24 ||    57
Block: Shield            |    65 |    49 ||   114
       Rpst.: Long sword |    11 |     8 ||    19
